[Event "Titled Tuesday Blitz December 7 2021"]
[White "Leiva, Gianmarco"]
[Black "Santos Flores, Alberto"]
[WhiteFideId "3804399"]
[BlackFideId "3601234"]
[WhiteElo "2716"]
[BlackElo "2404"]
[Result "1/2-1/2"]
[Round "01"]
[TimeControl "180+1"]
[Date "2021.12.07"]
[WhiteClock "0:00:02"]
[BlackClock "0:00:13"]

1. e4 c5 2. Nf3 g6 3. c3 Bg7 4. d4 cxd4 5. cxd4 d5 6. e5 Bg4 7. Bb5+ Nc6 8. O-O e6 9. Bxc6+ bxc6 10. Nbd2 Ne7 11. h3 Bxf3 12. Nxf3 Qb6 13. b3 c5 14. Ba3 cxd4 15. Bxe7 Kxe7 16. Re1 Rhc8 17. Nxd4 Kf8 18. Qd3 Rc5 19. Kh1 Rac8 20. Rad1 Rc3 21. Qd2 h6 22. g3 Kg8 23. h4 Bf8 24. Kg2 Kg7 25. Re2 Qc5 26. Qf4 Be7 27. Rdd2 Qb6 28. Qg4 Bc5 29. Nf3 Qc6 30. h5 g5 31. Nd4 Bxd4 32. Qxd4 Qc5 33. Qxc5 R8xc5 34. Rd4 a5 35. Ra4 Kf8 36. Rd4 Ke7 37. f4 gxf4 38. gxf4 Rc2 39. Kf2 Rxe2+ 40. Kxe2 Rc2+ 41. Rd2 Rxd2+ 42. Kxd2 Kd7 43. Kc3 Kc6 44. Kd4 Kb5 45. a3 Kc6 46. Ke3 Kc5 47. Kd3 Kb5 48. Kd4 Kb6 49. Ke3 Kc6 50. Kd4 Kb6 51. f5 Kc6 52. fxe6 fxe6 53. Ke3 Kc5 54. Kd3 Kb5 55. Kd4 Kc6 56. Ke3 Kb6 57. Kd4 Kc6 1/2-1/2


[Site "https://www.chess.com"]

[Event "Titled Tuesday Blitz December 7 2021"]
[White "Licznerski, Lukasz"]
[Black "Tarasova, Viktoriya"]
[WhiteFideId "1179250"]
[BlackFideId "4175840"]
[WhiteElo "2762"]
[BlackElo "2434"]
[Result "0-1"]
[Round "01"]
[TimeControl "180+1"]
[Date "2021.12.07"]
[WhiteClock "0:00:02"]
[BlackClock "0:00:09"]

1. e4 e5 2. Nf3 Nc6 3. Bb5 Nf6 4. d3 Bc5 5. c3 O-O 6. O-O Re8 7. Nbd2 a6 8. Ba4 b5 9. Bb3 d6 10. h3 h6 11. Re1 Be6 12. Bxe6 Rxe6 13. Nf1 Bb6 14. Ng3 d5 15. Qe2 d4 16. Nf5 Qd7 17. cxd4 Nxd4 18. N3xd4 Bxd4 19. Be3 c5 20. Rac1 Rc8 21. b3 Kh7 22. Qf3 Rec6 23. Rc2 Bxe3 24. Rxe3 Ng8 25. Qg3 g6 26. Nh4 Qe7 27. Re1 Nf6 28. Nf3 Re8 29. Rec1 Nh5 30. Qh4 Qxh4 31. Nxh4 Rec8 32. Nf3 f6 33. g3 Ng7 34. d4 exd4 35. Nxd4 R6c7 36. a4 bxa4 37. bxa4 Kg8 38. Rc4 Kf7 39. Kg2 Ne6 40. Nb3 Ke7 41. f4 Rd8 42. R4c2 Rd3 43. Nxc5 Nxc5 44. Rxc5 Rd2+ 45. Kf3 Rcd7 46. R1c3 R2d3+ 47. Rxd3 Rxd3+ 48. Kf2 Rd4 49. Ra5 Rxe4 50. Rxa6 Rb4 51. a5 Rb2+ 52. Kf3 Rb3+ 53. Kf2 Rb2+ 54. Ke3 Rb3+ 55. Kd4 Rxg3 56. Rb6 Rxh3 57. a6 Ra3 58. Kc5 h5 59. Kc6 h4 60. Kb7 h3 61. Rb2 g5 62. fxg5 fxg5 63. a7 g4 64. Rb4 g3 65. Re4+ Kf6 66. Re3 Rxa7+ 67. Kxa7 g2 68. Rf3+ Ke5 69. Rxh3 g1=Q+ 70. Kb8 Qg8+ 71. Ka7 Qg7+ 72. Kb8 Qf8+ 73. Ka7 Qf7+ 74. Kb8 Qe8+ 75. Kc7 Qe7+ 76. Kb8 Qd6+ 77. Ka7 Qd7+ 78. Ka8 Qxh3 0-1


[Site "https://www.chess.com"]

[Event "Titled Tuesday Blitz December 7 2021"]
[White "Ljukin, Sergei"]
[Black "Babazada, Khazar"]
[WhiteFideId "14102200"]
[BlackFideId "13413554"]
[WhiteElo "2467"]
[BlackElo "2861"]
[Result "0-1"]
[Round "01"]
[TimeControl "180+1"]
[Date "2021.12.07"]
[WhiteClock "0:00:55"]
[BlackClock "0:02:11"]

1. e4 c5 2. Nf3 e6 3. d4 cxd4 4. Nxd4 a6 5. Bd3 Qc7 6. Qe2 b5 7. a4 b4 8. c3 Bb7 9. O-O Nc6 10. Nxc6 Bxc6 11. Bxa6 Bd6 12. cxb4 Bxh2+ 13. Kh1 Nf6 14. f4 Bg3 15. Nc3 Rb8 16. Nb5 Qd8 17. Nd6+ Kf8 18. b5 Nxe4 0-1


[Site "https://www.chess.com"]

[Event "Titled Tuesday Blitz December 7 2021"]
[White "Macovei, Andrei"]
[Black "Gallegos Diaz, Carlos Alberto"]
[WhiteFideId "13904680"]
[BlackFideId "3900886"]
[WhiteElo "2410"]
[BlackElo "2362"]
[Result "0-1"]
[Round "01"]
[TimeControl "180+1"]
[Date "2021.12.07"]
[WhiteClock "0:00:18"]
[BlackClock "0:00:18"]

1. g3 d6 2. Bg2 Nf6 3. Nf3 e5 4. O-O Be7 5. d3 O-O 6. c4 Nbd7 7. Nc3 c6 8. b4 d5 9. b5 d4 10. Nb1 c5 11. Bg5 e4 12. Nfd2 exd3 13. exd3 Ne5 14. Qc2 Bf5 15. Bxf6 Bxf6 16. Ne4 Re8 17. Nbd2 Be7 18. h3 Qd7 19. g4 Bg6 20. f4 Bxe4 21. Nxe4 Ng6 22. Rae1 f5 23. gxf5 Nh4 24. f6 gxf6 25. Qf2 Nf5 26. Kh1 Kh8 27. Bf3 Ne3 28. Bg2 Rg8 29. Rg1 Rg7 30. f5 Rag8 31. Rxe3 dxe3 32. Qxe3 Qxf5 33. Rf1 Qe5 34. Qf3 Rxg2 35. Qxg2 Rxg2 36. Kxg2 f5 37. Ng3 Bd6 38. Nxf5 Qh2+ 39. Kf3 Qxh3+ 40. Ke2 Qg2+ 41. Rf2 Qg4+ 42. Ke3 Be5 43. Rf3 Bd4+ 44. Ke2 Qg2+ 0-1


[Site "https://www.chess.com"]

[Event "Titled Tuesday Blitz December 7 2021"]
[White "Maksimovic, Bojan"]
[Black "Koridze, Lile"]
[WhiteFideId "14408120"]
[BlackFideId "13612514"]
[WhiteElo "2785"]
[BlackElo "2449"]
[Result "1-0"]
[Round "01"]
[TimeControl "180+1"]
[Date "2021.12.07"]
[WhiteClock "0:00:50"]
[BlackClock "0:02:25"]

1. e4 c5 2. Nc3 Nc6 3. Bb5 d6 4. Bxc6+ bxc6 5. f4 Nf6 6. Nf3 Ba6 7. d3 c4 8. d4 g6 9. O-O Bg7 10. e5 Nd5 11. Nxd5 cxd5 12. c3 dxe5 13. Qa4+ Qd7 14. Qxa6 e4 15. Ne5 Bxe5 16. fxe5 O-O 17. Bh6 Rfb8 18. Rxf7 Kxf7 19. e6+ Qxe6 20. Rf1+ Qf6 21. Rxf6+ exf6 22. Qc6 Rd8 23. Qc7+ Ke6 24. b4 cxb3 25. axb3 Rac8 26. Qa5 Rd7 27. Bd2 Rc6 28. Kf2 Rdd6 29. Ke3 Ra6 30. Qc7 Rdb6 31. b4 Ra2 32. c4 Ra3+ 33. Ke2 dxc4 34. Qxc4+ Kd6 35. b5 Ra1 36. Bb4+ Kd7 37. Qf7+ Kc8 38. Qe8+ Kb7 39. Qxe4+ Kc8 40. Qe8+ Kb7 41. Qd7+ Kb8 42. Bd6+ Ka8 43. Qc8+ 1-0


[Site "https://www.chess.com"]

[Event "Titled Tuesday Blitz December 7 2021"]
[White "Maly, Alexey"]
[Black "Nguyen Hong Nhung"]
[WhiteFideId "14103184"]
[BlackFideId "12412201"]
[WhiteElo "2833"]
[BlackElo "2459"]
[Result "1-0"]
[Round "01"]
[TimeControl "180+1"]
[Date "2021.12.07"]
[WhiteClock "0:01:56"]
[BlackClock "0:01:26"]

1. d4 f5 2. c4 Nf6 3. Nf3 g6 4. g3 Bg7 5. Bg2 O-O 6. O-O d6 7. b3 Qe8 8. Bb2 Ne4 9. Nbd2 Nxd2 10. Qxd2 Nc6 11. d5 Ne5 12. Nd4 Bd7 13. h3 c6 14. f4 Nf7 15. Kh2 Rc8 16. Rae1 e5 17. dxe6 Bxe6 18. Nxe6 Qxe6 19. e4 Rfe8 20. Bxg7 Kxg7 21. Qd4+ Kg8 22. Qxa7 fxe4 23. Rxe4 Qd7 24. Rfe1 Rxe4 25. Rxe4 Nh6 26. Qe3 Nf5 27. Qe1 Ra8 28. g4 Nh4 29. Qxh4 Rxa2 30. Re7 Qd8 31. Qxh7+ Kf8 32. Qg7# 1-0


[Site "https://www.chess.com"]

[Event "Titled Tuesday Blitz December 7 2021"]
[White "Manukian, Artak"]
[Black "De Silva, L M S T"]
[WhiteFideId "13301373"]
[BlackFideId "9953698"]
[WhiteElo "2379"]
[BlackElo "1621"]
[Result "1-0"]
[Round "01"]
[TimeControl "180+1"]
[Date "2021.12.07"]
[WhiteClock "0:00:15"]
[BlackClock "0:00:11"]

1. e4 e5 2. Nf3 Nc6 3. d4 exd4 4. Nxd4 Qf6 5. Nxc6 Bc5 6. Qf3 Qxc6 7. Nc3 Ne7 8. Be3 Bxe3 9. Qxe3 a6 10. O-O-O O-O 11. Nd5 Nxd5 12. exd5 Qd6 13. h4 b6 14. h5 h6 15. g4 Bb7 16. Bg2 Rae8 17. Qd2 f5 18. g5 f4 19. gxh6 Qxh6 20. Bf3 d6 21. Rhg1 Rf6 22. Rg4 Re5 23. Rdg1 Bc8 24. Rxg7+ Qxg7 25. Rxg7+ Kxg7 26. c4 Kf7 27. Qc2 Bf5 28. Qa4 a5 29. Qc6 Re7 30. a3 Kg7 31. Qa8 Rf8 32. Qb7 Rfe8 33. Kd2 Kh6 34. b4 axb4 35. axb4 Bh7 36. c5 bxc5 37. bxc5 dxc5 38. Qc6+ Kg5 39. Qxc5 Re5 40. Qxc7 R8e7 41. Qd8 Be4 42. Bxe4 Rxe4 43. d6 Rd4+ 44. Kc3 Rxd6 45. Qxd6 Rh7 46. Qe5+ Kg4 47. Qe6+ Kxh5 48. Qf5+ Kh6 49. Qxf4+ Kh5 50. Qf5+ Kh6 51. f4 Rc7+ 52. Kd4 Rg7 53. Qf6+ Kh7 54. Qh4+ Kg8 55. f5 Rf7 56. Ke5 Rf8 57. Qg5+ Kh8 58. Qh6+ Kg8 59. Qg6+ Kh8 60. f6 Rf7 61. Qh5+ Kg8 62. Ke6 Re7+ 63. fxe7 Kg7 64. Qg5+ 1-0


[Site "https://www.chess.com"]

[Event "Titled Tuesday Blitz December 7 2021"]
[White "Marcziter, Dmitrii"]
[Black "Shkapenko, Pavel"]
[WhiteFideId "13900765"]
[BlackFideId "4151933"]
[WhiteElo "2436"]
[BlackElo "2765"]
[Result "1-0"]
[Round "01"]
[TimeControl "180+1"]
[Date "2021.12.07"]
[WhiteClock "0:01:04"]
[BlackClock "0:00:04"]

1. d4 Nf6 2. c4 e6 3. Nf3 Bb4+ 4. Nbd2 d5 5. a3 Be7 6. c5 a5 7. b3 O-O 8. Bb2 b6 9. b4 axb4 10. axb4 Rxa1 11. Qxa1 Nc6 12. Qa4 Bd7 13. b5 Nxd4 14. Nxd4 bxc5 15. Nc6 Bxc6 16. bxc6 Qb8 17. Qc2 c4 18. e3 Qb6 19. Be2 Rb8 20. Bd4 Qxc6 21. O-O Qd7 22. Nf3 c5 23. Be5 Ra8 24. Rb1 h6 25. h3 Qc6 26. Bc3 Ne4 27. Ne5 Qc7 28. f3 Nxc3 29. Qxc3 Bf6 30. f4 Bxe5 31. fxe5 Qa7 32. Bf3 Qa3 33. Rb8+ Kh7 34. Qc2+ g6 35. Rxa8 Qxa8 36. h4 Qa1+ 37. Kf2 Qxe5 38. h5 Kg7 39. hxg6 fxg6 40. Qa2 Kf6 41. Qa8 Qb2+ 42. Kg1 Qc1+ 43. Kf2 Qb2+ 44. Be2 Ke7 45. Qa7+ Kd6 46. Qa6+ Kd7 47. Qa7+ Kc6 48. Qa8+ Kc7 49. Qe8 c3 50. Qe7+ Kb8 51. Qd6+ Kb7 52. Qxe6 c2 53. Qxd5+ Kb8 54. Qd6+ Kb7 55. Bf3+ Ka7 56. Qc7+ Ka6 57. Be2+ 1-0


[Site "https://www.chess.com"]

[Event "Titled Tuesday Blitz December 7 2021"]
[White "Martins, Igor Carvalho Ribeiro"]
[Black "Moskalenko, Alexander"]
[WhiteFideId "2162962"]
[BlackFideId "4155351"]
[WhiteElo "2467"]
[BlackElo "2877"]
[Result "0-1"]
[Round "01"]
[TimeControl "180+1"]
[Date "2021.12.07"]
[WhiteClock "0:01:00"]
[BlackClock "0:00:55"]

1. Nf3 d6 2. d4 g6 3. e4 Bg7 4. Bc4 Nf6 5. e5 dxe5 6. Nxe5 O-O 7. O-O c6 8. c3 b5 9. Bb3 Bb7 10. Re1 Nbd7 11. Bf4 c5 12. Nxd7 Qxd7 13. dxc5 Qc6 14. f3 Qxc5+ 15. Be3 Qf5 16. Bd4 Rfd8 17. Qe2 e6 18. Nd2 a5 19. a3 Bd5 20. Bxd5 Qxd5 21. Ne4 Nxe4 22. Qxe4 Bxd4+ 23. cxd4 Qxd4+ 24. Qxd4 Rxd4 25. Re5 Rd2 26. Rxb5 Rc8 27. Rxa5 f5 28. Kh1 Rxb2 29. Re5 Kf7 30. Ree1 Rcc2 31. Rg1 g5 32. a4 Ra2 33. a5 Rxg2 0-1


[Site "https://www.chess.com"]

[Event "Titled Tuesday Blitz December 7 2021"]
[White "Meissner, Felix"]
[Black "Jaracz, Pawel"]
[WhiteFideId "24671827"]
[BlackFideId "1102222"]
[WhiteElo "2388"]
[BlackElo "2703"]
[Result "0-1"]
[Round "01"]
[TimeControl "180+1"]
[Date "2021.12.07"]
[WhiteClock "0:02:43"]
[BlackClock "0:02:45"]

1. e4 d6 2. d4 Nf6 3. Nc3 g6 4. f4 Bg7 5. Bd3 O-O 6. Nf3 Nc6 7. Be2 e5 8. fxe5 dxe5 9. d5 Nd4 10. Nxd4 exd4 11. Qxd4 Re8 12. Qd3 Nxe4 13. Nxe4 Bf5 14. Bf3 Bxe4 15. Bxe4 0-1


[Site "https://www.chess.com"]

[Event "Titled Tuesday Blitz December 7 2021"]
[White "Mezentsev, Ivan"]
[Black "Rasulov, Vugar"]
[WhiteFideId "13706195"]
[BlackFideId "13402390"]
[WhiteElo "2474"]
[BlackElo "2902"]
[Result "1-0"]
[Round "01"]
[TimeControl "180+1"]
[Date "2021.12.07"]
[WhiteClock "0:00:07"]
[BlackClock "0:00:16"]

1. d4 Nf6 2. Nf3 b6 3. g3 Bb7 4. Bg2 g6 5. O-O Bg7 6. c4 O-O 7. Nc3 e6 8. Qc2 c5 9. d5 exd5 10. Nd2 Nc6 11. cxd5 Nb4 12. Qb3 d6 13. a3 Na6 14. Nc4 Nc7 15. Rd1 Ba6 16. Bf4 Bxc4 17. Qxc4 Re8 18. a4 a6 19. h3 Rb8 20. b4 b5 21. axb5 axb5 22. Qb3 Nh5 23. Bd2 c4 24. Qc2 Ra8 25. g4 Nf6 26. Bf4 Qd7 27. Rxa8 Rxa8 28. e4 Nfe8 29. e5 dxe5 30. d6 Ne6 31. Bxa8 Nd4 32. Qe4 Nxd6 33. Rxd4 exd4 34. Bxd6 dxc3 35. Bc5 h5 36. Bd5 hxg4 37. hxg4 g5 38. Kg2 Bf6 39. Qg6+ Bg7 40. Qe4 Bf6 41. Bc6 Qd3 42. Qe8+ Kg7 43. Bf8+ Kg8 44. Be7+ Kg7 45. Bf8+ Kg8 46. Be4 Qd8 47. Qxd8 Bxd8 48. Bc5 Bf6 49. Kf3 Be5 50. Ke3 Bh2 51. Kd4 Bg1 52. Kxc3 Kg7 53. Be3 Kf6 54. Bc6 Bh2 55. Bxb5 Ke5 56. Bxc4 Ke4 57. Bxf7 Bd6 58. Kc4 Be7 59. Be6 Bd6 60. Bf5+ Kf3 61. b5 Bb8 62. b6 Ke2 63. b7 Kf3 64. Kd5 Ke2 65. Bxg5 Kf3 66. Be7 Kxf2 67. Bd6 Ba7 68. Bc5+ 1-0


[Site "https://www.chess.com"]

[Event "Titled Tuesday Blitz December 7 2021"]
[White "Migot, Tangi"]
[Black "Khoroshev, Nikita"]
[WhiteFideId "662445"]
[BlackFideId "14200287"]
[WhiteElo "2417"]
[BlackElo "2733"]
[Result "0-1"]
[Round "01"]
[TimeControl "180+1"]
[Date "2021.12.07"]
[WhiteClock "0:00:12"]
[BlackClock "0:00:29"]

1. e4 c5 2. Nf3 d6 3. d4 cxd4 4. Nxd4 Nf6 5. Nc3 a6 6. Be2 e5 7. Nf3 Be7 8. O-O Be6 9. b3 Nbd7 10. Bb2 Rc8 11. Re1 O-O 12. Bf1 b5 13. a4 b4 14. Nd5 Bxd5 15. exd5 a5 16. Rc1 Nb6 17. Ba6 Rc5 18. c4 bxc3 19. Bxc3 Nbxd5 20. Bd2 Qb6 21. Rxc5 Qxc5 22. Qe2 Nb4 23. Rc1 Qb6 24. Bb5 h6 25. Be3 Qb7 26. Nh4 Qe4 27. Nf3 Nfd5 28. Nd2 Qg6 29. Nc4 Nxe3 30. fxe3 Rc8 31. Rd1 e4 32. Qd2 d5 33. Na3 Qb6 34. Rc1 Bc5 35. Kf2 Bxe3+ 36. Qxe3 Qxe3+ 0-1


[Site "https://www.chess.com"]

[Event "Titled Tuesday Blitz December 7 2021"]
[White "Mikhalsky, Vladimir"]
[Black "Pulpan, Jakub"]
[WhiteFideId "14144352"]
[BlackFideId "302759"]
[WhiteElo "2418"]
[BlackElo "2737"]
[Result "0-1"]
[Round "01"]
[TimeControl "180+1"]
[Date "2021.12.07"]
[WhiteClock "0:00:15"]
[BlackClock "0:01:06"]

1. c4 e6 2. g3 d5 3. Bg2 d4 4. Nf3 Nc6 5. O-O Bc5 6. e3 Nge7 7. b3 O-O 8. Bb2 e5 9. a3 a5 10. exd4 Bxd4 11. Nxd4 Nxd4 12. Re1 Nec6 13. Nc3 Bf5 14. Ne4 h6 15. h3 Re8 16. d3 b6 17. g4 Bh7 18. Ng3 Qd7 19. Bxd4 exd4 20. Be4 Bxe4 21. Rxe4 Rxe4 22. Nxe4 Re8 23. Qf3 Ne5 24. Qg3 a4 25. f4 Ng6 26. b4 f5 27. gxf5 Qxf5 28. Rf1 Rf8 29. Kh2 Nxf4 30. Rg1 Rf7 31. Rf1 Kh7 32. Qh4 g5 33. Qg3 b5 34. cxb5 Qxb5 35. Nc5 Re7 36. Qg4 Qc6 37. Rxf4 gxf4 38. Qxf4 Re2+ 39. Kg3 Qg6+ 40. Qg4 Qd6+ 41. Kh4 Qf6+ 42. Kh5 Re5+ 0-1


[Site "https://www.chess.com"]

[Event "Titled Tuesday Blitz December 7 2021"]
[White "Mirzoev, Azer"]
[Black "Ozdemir, Serhan Berat"]
[WhiteFideId "13400304"]
[BlackFideId "6374611"]
[WhiteElo "2704"]
[BlackElo "2395"]
[Result "1-0"]
[Round "01"]
[TimeControl "180+1"]
[Date "2021.12.07"]
[WhiteClock "0:00:03"]
[BlackClock "0:00:02"]

1. c4 Nf6 2. Nc3 g6 3. g3 Bg7 4. Bg2 O-O 5. Nf3 d6 6. d3 c6 7. O-O Qa5 8. h3 e5 9. a3 Re8 10. Nd2 Qd8 11. b4 d5 12. Bb2 d4 13. Nce4 Nxe4 14. Nxe4 f5 15. Nc5 b6 16. Nb3 Be6 17. b5 Qd7 18. a4 e4 19. Kh2 cxb5 20. axb5 Bf7 21. Nd2 Qb7 22. Qb1 Nd7 23. dxe4 fxe4 24. Nxe4 Qc7 25. Rd1 Qxc4 26. Nd6 Qxe2 27. Nxf7 Kxf7 28. Bxd4 Bxd4 29. Rxd4 Nf6 30. Ra2 Qe5 31. Rda4 Rad8 32. Rxa7+ Re7 33. Qb3+ Kg7 34. Rxe7+ Qxe7 35. Qc3 Rd6 36. Rc2 Kh6 37. Bf3 g5 38. Kg2 Qe6 39. Rd2 Rxd2 40. Qxd2 Qe5 41. Qb4 Kg6 42. Qb1+ Kg7 43. Qd3 h5 44. Qd8 Qxb5 45. Qe7+ Kg6 46. Qe6 Qf5 47. Qe7 g4 48. hxg4 hxg4 49. Bc6 b5 50. Qf8 b4 51. Qxb4 Qe5 52. Qb7 Qf5 53. Qb8 Qe5 54. Qxe5 Nh5 55. Be4+ Kh6 56. Qe6+ Kg5 57. Qg6# 1-0


[Site "https://www.chess.com"]

[Event "Titled Tuesday Blitz December 7 2021"]
[White "Miszler, Levente"]
[Black "Kozionov, Kirill"]
[WhiteFideId "763276"]
[BlackFideId "24101729"]
[WhiteElo "1966"]
[BlackElo "2426"]
[Result "0-1"]
[Round "01"]
[TimeControl "180+1"]
[Date "2021.12.07"]
[WhiteClock "0:00:32"]
[BlackClock "0:00:19"]

1. Nf3 Nf6 2. c4 g6 3. g3 Bg7 4. Bg2 O-O 5. O-O d6 6. Nc3 Nc6 7. Rb1 a5 8. a3 e5 9. d3 Nd4 10. b4 axb4 11. axb4 c6 12. b5 Bg4 13. e3 Nxf3+ 14. Bxf3 Bxf3 15. Qxf3 d5 16. bxc6 bxc6 17. cxd5 cxd5 18. d4 e4 19. Qe2 Qc8 20. Bd2 Qh3 21. f3 exf3 22. Qxf3 Rad8 23. Rb5 Qe6 24. Ra1 Rfe8 25. Raa5 Ne4 26. Nxe4 dxe4 27. Qe2 h5 28. Rc5 Rb8 29. Rcb5 Qc6 30. Rc5 Rb1+ 31. Kg2 Qf6 32. Ra7 Rb2 33. Rcc7 Rf8 34. Rab7 Qf3+ 35. Qxf3 exf3+ 36. Kxf3 Rxd2 37. Re7 Rxh2 38. d5 Rd2 39. e4 Bf6 40. Rec7 Rd3+ 41. Kg2 Be5 42. Re7 Bxg3 0-1


[Site "https://www.chess.com"]

[Event "Titled Tuesday Blitz December 7 2021"]
[White "Mouhamad, Joachim"]
[Black "Manafov, Vugar"]
[WhiteFideId "656410"]
[BlackFideId "13410814"]
[WhiteElo "2468"]
[BlackElo "2886"]
[Result "0-1"]
[Round "01"]
[TimeControl "180+1"]
[Date "2021.12.07"]
[WhiteClock "0:00:47"]
[BlackClock "0:02:37"]

1. e4 Nf6 2. e5 Nd5 3. d4 d6 4. c4 Nb6 5. exd6 cxd6 6. Nc3 g6 7. Be3 Bg7 8. Rc1 O-O 9. b3 Bf5 10. Nf3 d5 11. c5 Nc8 12. Be2 Bg4 13. O-O Nc6 14. a3 e6 15. b4 a6 16. Rb1 N8e7 17. h3 Bxf3 18. Bxf3 Nf5 19. Ne2 Qf6 20. Qd2 Nfxd4 21. Nxd4 Nxd4 22. Bxd4 Qxd4 23. Qxd4 Bxd4 24. Rfd1 Be5 25. a4 Rfc8 26. Rdc1 Bd4 27. a5 h5 28. Kf1 Kg7 29. Bd1 Rc7 30. Ke2 Rd8 31. f4 Bf6 32. Kf3 d4 33. Bb3 d3 34. Rc4 d2 35. Rd1 Rd3+ 0-1


[Site "https://www.chess.com"]

[Event "Titled Tuesday Blitz December 7 2021"]
[White "Muromtsev, Arthur"]
[Black "Begmuratov, Khumoyun"]
[WhiteFideId "4177002"]
[BlackFideId "14210207"]
[WhiteElo "2395"]
[BlackElo "2706"]
[Result "0-1"]
[Round "01"]
[TimeControl "180+1"]
[Date "2021.12.07"]
[WhiteClock "0:00:13"]
[BlackClock "0:00:43"]

1. e4 e5 2. Nc3 Nf6 3. g3 Nc6 4. Bg2 g6 5. d3 Bg7 6. f4 O-O 7. Nf3 exf4 8. Bxf4 d5 9. e5 Re8 10. O-O Nh5 11. Bg5 Qd7 12. d4 Nd8 13. Qd2 Ne6 14. Bh6 c6 15. Bh3 Qe7 16. Bxg7 Nhxg7 17. Ne2 Nxd4 18. Nexd4 Bxh3 19. Qh6 Bxf1 20. Rxf1 Ne6 21. Nxe6 fxe6 22. Ng5 Rf8 23. Rf6 Rae8 24. h4 Rxf6 25. exf6 Qxf6 26. Qxh7+ Kf8 27. Qxb7 Re7 28. Qxc6 Kg7 29. b4 Qe5 30. Kg2 Qe2+ 31. Kh3 Qf1+ 32. Kh2 Qf2+ 33. Kh3 Qf5+ 34. Kg2 d4 35. Qd6 Qxc2+ 36. Kh3 Qf5+ 37. Kg2 Qd5+ 38. Qxd5 exd5 39. Nf3 d3 40. Kf1 Rf7 41. Kf2 d2 0-1


[Site "https://www.chess.com"]

[Event "Titled Tuesday Blitz December 7 2021"]
[White "Nasyrova, Ekaterina"]
[Black "Pranav, V"]
[WhiteFideId "44157797"]
[BlackFideId "25060783"]
[WhiteElo "2490"]
[BlackElo "2985"]
[Result "0-1"]
[Round "01"]
[TimeControl "180+1"]
[Date "2021.12.07"]
[WhiteClock "0:00:09"]
[BlackClock "0:00:09"]

1. d4 Nf6 2. c4 e6 3. Nc3 Bb4 4. e3 O-O 5. Bd2 d5 6. Nf3 b6 7. cxd5 exd5 8. Bd3 Bb7 9. O-O Nbd7 10. Ne5 a6 11. f4 Re8 12. Be1 Be7 13. Rf3 Nf8 14. Rh3 c5 15. Bh4 cxd4 16. exd4 g6 17. f5 b5 18. fxg6 fxg6 19. Qd2 Qb6 20. Bc2 Ne4 21. Nxe4 Bxh4 22. Rxh4 Rxe5 23. Nc5 Re7 24. Qg5 Rae8 25. Rf1 Re1 26. Bb3 Rxf1+ 27. Kxf1 Ba8 28. Bxd5+ Bxd5 29. Qxd5+ Kg7 30. Rf4 Qc7 31. g3 Qe7 32. Qb7 Qxb7 33. Nxb7 g5 34. Rf5 Kg6 35. Rd5 Ne6 36. Nc5 Ng7 37. Rd6+ Kf5 38. Kf2 a5 39. h3 h5 40. Kf3 g4+ 41. hxg4+ hxg4+ 42. Kf2 Rh8 43. Rd5+ Kg6 44. Nd3 Rh2+ 45. Ke3 Nh5 46. Rxb5 Nxg3 47. Kf4 Ne2+ 48. Kxg4 Nxd4 49. Nf4+ Kf7 50. Rd5 Nc6 51. b3 Rxa2 52. Rc5 Ne7 53. Nd3 Ke6 54. Kf3 Kd6 55. Ke3 Nd5+ 56. Kd4 Nc7 57. Rh5 Ne6+ 58. Kc3 Nc7 59. Rh6+ Kd5 60. Rh7 Nb5# 0-1


[Site "https://www.chess.com"]

[Event "Titled Tuesday Blitz December 7 2021"]
[White "Nilsen, Tobias Lang"]
[Black "Golubka, Petro"]
[WhiteFideId "1521624"]
[BlackFideId "14114224"]
[WhiteElo "2420"]
[BlackElo "2744"]
[Result "0-1"]
[Round "01"]
[TimeControl "180+1"]
[Date "2021.12.07"]
[WhiteClock "0:00:02"]
[BlackClock "0:00:08"]

1. e4 c5 2. Nf3 d6 3. d4 cxd4 4. Qxd4 a6 5. c4 Nc6 6. Qd2 Nf6 7. Nc3 e5 8. h3 Be7 9. Be2 O-O 10. O-O Be6 11. b3 Qb8 12. Bb2 Rd8 13. Bd3 h6 14. Nd5 b6 15. Rfd1 Qb7 16. Rac1 a5 17. Qe3 Rab8 18. Nh4 Nd7 19. Nf5 Bf8 20. f4 exf4 21. Nxf4 Nde5 22. Qg3 Kh8 23. Nh5 g6 24. Nf6 Bg7 25. Nxg7 Kxg7 26. Nd5 f6 27. Rf1 Rf8 28. Be2 a4 29. b4 a3 30. Qxa3 Ra8 31. Qb3 Qa7 32. a3 b5+ 33. Kh1 Nd4 34. Qe3 Nxe2 35. Qxe2 bxc4 36. Bxe5 dxe5 37. Rxc4 Qxa3 38. Rc7+ Rf7 39. Rxf7+ Bxf7 40. Qf2 f5 41. Qc5 Qd3 42. Re1 Qd2 43. Rg1 Qd4 44. Qc6 Bxd5 45. exd5 Rf8 46. d6 e4 47. d7 Rd8 48. g4 f4 49. g5 h5 50. Rf1 f3 51. Re1 f2 52. Rf1 e3 53. Kg2 Rxd7 54. Ra1 e2 55. Ra6 f1=Q+ 56. Kg3 Qdf4# 0-1


[Site "https://www.chess.com"]

[Event "Titled Tuesday Blitz December 7 2021"]
[White "Ozen, Bahadir"]
[Black "Malka, Samuel"]
[WhiteFideId "6337058"]
[BlackFideId "20643675"]
[WhiteElo "2786"]
[BlackElo "2451"]
[Result "1/2-1/2"]
[Round "01"]
[TimeControl "180+1"]
[Date "2021.12.07"]
[WhiteClock "0:00:18"]
[BlackClock "0:00:13"]

1. Nf3 Nf6 2. e3 g6 3. Be2 Bg7 4. O-O O-O 5. d4 d5 6. b4 Nbd7 7. Nbd2 e5 8. h3 e4 9. Nh2 h5 10. c4 c6 11. b5 c5 12. Bb2 Nh7 13. cxd5 cxd4 14. Bxd4 Bxd4 15. exd4 Ndf6 16. Qb3 Re8 17. Bc4 Qd6 18. Rfe1 h4 19. Ndf1 Ng5 20. a4 Bf5 21. Qa3 Qf4 22. Qe3 Qxe3 23. Nxe3 Rad8 24. Rac1 Kg7 25. Bb3 Rd7 26. Rc5 b6 27. Rc6 Red8 28. Rec1 Ne8 29. Nhg4 f6 30. Kf1 Nd6 31. Ke2 Ngf7 32. Rc7 Ne8 33. Rxd7 Rxd7 34. Rc6 Ned6 35. Nh2 Nd8 36. Rc3 N8b7 37. Nhf1 Na5 38. Ba2 g5 39. Nd2 Bg6 40. Nb3 Bh5+ 41. Kd2 Nxb3+ 42. Bxb3 f5 43. Rc6 f4 44. Ng4 Bxg4 45. hxg4 Kf6 46. Bc2 Ke7 47. Ke2 Rb7 48. Rc3 Kd7 49. Rc6 Rc7 50. f3 e3 51. Bg6 Rc8 52. Bd3 Rh8 53. Rc1 h3 54. Rg1 h2 55. Rh1 Ke7 56. Bc2 Kf6 57. Bd3 Ke7 1/2-1/2


[Site "https://www.chess.com"]

[Event "Titled Tuesday Blitz December 7 2021"]
[White "Paichadze, Luka"]
[Black "Villalba, Marcelo"]
[WhiteFideId "13602934"]
[BlackFideId "3701859"]
[WhiteElo "2768"]
[BlackElo "2438"]
[Result "0-1"]
[Round "01"]
[TimeControl "180+1"]
[Date "2021.12.07"]
[WhiteClock "0:01:27"]
[BlackClock "0:01:24"]

1. e4 e5 2. d4 exd4 3. Qxd4 Nc6 4. Qe3 Nf6 5. Nc3 Bb4 6. Bd2 O-O 7. O-O-O Re8 8. Qf4 d6 9. f3 Qe7 10. g4 Qe5 11. Qg3 Qa5 12. Kb1 Be6 13. a3 Bxa3 14. bxa3 Qxa3 15. Re1 Nb4 16. Bd3 Ba2+ 17. Ka1 Nxd3 18. cxd3 Bc4+ 0-1


[Site "https://www.chess.com"]

[Event "Titled Tuesday Blitz December 7 2021"]
[White "Popadic, Dragan"]
[Black "Rakhmanov, Aleksandr"]
[WhiteFideId "913650"]
[BlackFideId "4173708"]
[WhiteElo "2401"]
[BlackElo "2713"]
[Result "0-1"]
[Round "01"]
[TimeControl "180+1"]
[Date "2021.12.07"]
[WhiteClock "0:00:24"]
[BlackClock "0:00:07"]

1. e4 c5 2. Nc3 Nc6 3. f4 e6 4. Nf3 Nge7 5. Bb5 a6 6. Bxc6 Nxc6 7. d3 d5 8. O-O Be7 9. Bd2 O-O 10. Qe1 b5 11. e5 b4 12. Ne2 a5 13. Rd1 a4 14. Kh1 b3 15. cxb3 axb3 16. axb3 Qb6 17. Nc1 Bd7 18. Be3 d4 19. Bf2 Nb4 20. Bh4 Bxh4 21. Qxh4 Nd5 22. Ng5 h6 23. Ne4 f5 24. exf6 Nxf6 25. Nxf6+ Rxf6 26. Qh5 Raf8 27. Ne2 Rf5 28. Qh4 Qxb3 29. Qe7 Qd5 30. Ra1 Bc6 31. Rg1 e5 32. Ng3 Rxf4 33. Ne4 c4 34. Ra5 Qxa5 35. Qe6+ Kh8 36. Qxc6 cxd3 37. Nd6 Rf1 38. h3 Rxg1+ 39. Kxg1 Qe1+ 40. Kh2 d2 41. Nf7+ Rxf7 42. Qe8+ Kh7 43. Qxf7 Qb1 0-1


[Site "https://www.chess.com"]